 Dungeon Crawl Stone Soup version 0.31-a0-188-g5e087ee2ca (webtiles) character file.

Game seed: 3107366953170662952

122 qw the Skirmisher (level 4, -1/25 HPs)
             Began as a Deep Elf Hunter on June 23, 2023.
             Slain by an iguana (7 damage)
             ... on level 4 of the Dungeon.
             The game lasted 00:00:55 (2156 turns).

qw the Skirmisher (Deep Elf Hunter)                 Turns: 2156, Time: 00:00:55

Health: -1/25      AC:  6    Str: 10    XL:     4   Next: 78%
Magic:  6/6        EV: 11    Int: 14    God:
Gold:   195        SH:  0    Dex: 18    Spells: 3/3 levels left

rFire   . . .        Y - +0 shortbow
rCold   + . .        (shield currently unavailable)
rNeg    . . .        d - +0 ring mail
rPois   .            f - +0 helmet
rElec   .            (no cloak)
rCorr   .            (no gloves)
SInv    .            (no boots)
Will    .....        (no amulet)
Stlth   +            g - ring of protection from cold
HPRegen 0.24/turn    (no ring)
MPRegen 0.10/turn

%: no passive effects
@: no status effects
A: no striking features
a: no special abilities


You were on level 4 of the Dungeon.
You visited 1 branch of the dungeon, and saw 4 of its levels.

You collected 195 gold pieces.


   Skills:
 - Level 1.5 Fighting
 + Level 8.2 Ranged Weapons
 - Level 2.4 Dodging
 - Level 1.2 Stealth


You had 3 spell levels left.
You didn't know any spells.
Your spell library was empty.

Inventory:

Hand Weapons
 Y - a +0 shortbow (weapon)
Armour
 d - a +0 ring mail (worn)
 f - a +0 helmet (worn)
Jewellery
 g - a ring of protection from cold (left hand)
Potions
 a - a potion of might {unknown}
 c - a potion of haste {unknown}
 h - a potion of invisibility {unknown}
 i - a potion of curing {unknown}
 j - 3 potions of enlightenment {unknown}

Dungeon Overview and Level Annotations

Branches:
Dungeon (4/15)
 Temple: D:4-7

Altars:
Cheibriados
Vehumet


Message History

You shoot an arrow. The arrow barely misses the goblin.
You shoot an arrow. The arrow hits the goblin.
The goblin is severely wounded.
You shoot an arrow. The arrow hits the goblin.
You kill the goblin!
You now have 195 gold pieces (gained 12).
A quokka comes into view.
Enter note: You shoot an arrow.
The arrow hits the quokka.
You kill the quokka!
The orc shouts!
You open the door.
A kobold and an iguana come into view.
Enter note: You shoot an arrow.
The arrow hits the iguana.
The iguana hisses angrily.
The iguana is lightly wounded.
A black bear comes into view.
You shoot an arrow. The black bear growls angrily.
The arrow hits the iguana but does no damage.
The iguana is lightly wounded.
You shoot an arrow. The arrow hits the iguana.
The iguana is heavily wounded.
You shoot an arrow.
The arrow hits the iguana but does no damage.
The iguana is heavily wounded.
The iguana bites you!
You shoot an arrow. The arrow closely misses the iguana.
The arrow hits the black bear.
The black bear is lightly wounded.
The iguana bites you!
You shoot an arrow. The arrow hits the iguana.
The iguana is heavily wounded.
The iguana bites you.
You shoot an arrow. The arrow closely misses the iguana.
The arrow hits the black bear.
The black bear is lightly wounded.
The iguana bites you!
You die...

#.. #.! #.
######## ##
#...%..# ..
#.#..#.# .#
#......# ..
#......#K#.#.#
###.#..#@lh....#
#........#######
#.########
#.#####.#
#.......#
#######.# #.#
#.# #.#


You could see a black bear, an iguana and a kobold.

Vanquished Creatures
  4 adders (D:2)
  A worm (D:2)
  6 dart slugs
  7 ball pythons
  2 endoplasms
  4 giant cockroaches
  9 goblins
  7 hobgoblins
  7 jackals
  6 kobolds
  3 quokkas
  3 bats (D:1)
  2 frilled lizards
  4 rats
65 creatures vanquished.

Notes
Turn   | Place    | Note
-------+----------+-------------------------------------------
     0 | D:1      | qw the Deep Elf Hunter began the quest for the Orb.
     0 | D:1      | Reached XP level 1. HP: 12/12 MP: 3/3
     0 | D:1      | 0 ||| qw: Version: 0.3-a-9-g12657ce
     0 | D:1      | 0 ||| qw: Game counter: 3597
     0 | D:1      | 0 ||| qw: Always use a shield: true
     0 | D:1      | 0 ||| qw: God list: Okawaru
     0 | D:1      | 0 ||| qw: Allow faded altars: false
     0 | D:1      | 0 ||| qw: Do Orc after D:15 true
     0 | D:1      | 0 ||| qw: Do second Lair branch before Depths: true
     0 | D:1      | 0 ||| qw: Lair rune preference: random
     0 | D:1      | 0 ||| qw: Plans: Normal
     0 | D:1      | 0 ||| PLANNING D:1-11
    90 | D:1      | Found a faded altar of an unknown god.
   120 | D:1      | Reached XP level 2. HP: 16/16 MP: 4/4
   123 | D:1      | 123 ||| FLEEEEING.
   126 | D:1      | 126 ||| FLEEEEING.
   135 | D:1      | Reached skill level 6 in Ranged Weapons
   185 | D:1      | 185 ||| FLEEEEING.
   186 | D:1      | 186 ||| FLEEEEING.
   187 | D:1      | 187 ||| FLEEEEING.
   257 | D:1      | 257 ||| FLEEEEING.
   330 | D:1      | Reached XP level 3. HP: 20/20 MP: 5/5
   606 | D:1      | 606 ||| UPGRADING to +0 ring mail.
   616 | D:1      | 616 ||| DROPPING +0 leather armour.
   617 | D:1      | 617 ||| UPGRADING to +0 helmet.
   622 | D:1      | 622 ||| READING scroll labelled QIEHUZI XIRPHI.
   627 | D:1      | 627 ||| READING scroll labelled MAAZUT NIYSIBU.
   628 | D:1      | 628 ||| READING scroll labelled YPNOPU OMUI.
   629 | D:1      | 629 ||| DROPPING scroll of butterflies.
   669 | D:2      | Reached skill level 7 in Ranged Weapons
   819 | D:2      | Reached XP level 4. HP: 15/25 MP: 6/6
   995 | D:2      | Identified the +2 robe of Pride {Harm rElec Str+3}
  1547 | D:2      | 1547 ||| DROPPING +2 robe of Pride {Harm rElec Str+3}.
  1677 | D:3      | Reached skill level 8 in Ranged Weapons
  1947 | D:3      | 1947 ||| DROPPING scarf of invisibility.
  1948 | D:3      | 1948 ||| UPGRADING to ring of protection from cold.
  1949 | D:3      | 1949 ||| READING scroll labelled COWNIUH WIENG.
  1950 | D:3      | 1950 ||| READING scroll labelled ICUOGH EDYIDD.
  1996 | D:4      | Found a radiant altar of Vehumet.
  2085 | D:4      | Found a snail-covered altar of Cheibriados.
  2150 | D:4      | Noticed a black bear
  2155 | D:4      | HP: 6/25 [iguana (5)]
  2156 | D:4      | Slain by an iguana

Levels and vault maps discovered:
D:1:      minmay_arrival_widening_spiral_wide, layout_basic,
          ebering_ecumenical_altar_webs
D:2:      layout_basic
D:3:      layout_basic, wad_woods_river_04
D:4:      minmay_clustersquares, layout_cave_pods, nicolae_vehumet_radiance,
          lemuel_crystal_altar, uniq_menkaure, uniq_pikel

Skill      XL: |  1  2  3  4 |
---------------+-------------+-----
Ranged Weapons | 6 7 8 |  8.2
Fighting       | |  1.5
Dodging        | |  2.4
Stealth        | |  1.2

Action                     |  1- 3 |  4- 6 || total
---------------------------+-------+-------++-------
   Fire: Shortbow          |    89 |    92 ||   181
    Use: Scroll            |     3 |     2 ||     5
 Armour: Ring mail         |    11 |    15 ||    26
  Dodge: Dodged            |    15 |    19 ||    34

Table legend:
 A = Non-vault XP
 B = Vault XP
 C = Vault XP percentage of total XP
 D = Non-vault monster count
 E = Vault monster count
 F = Vault count percentage of total count
                 A         B        C        D         E       F
            +---------+---------+-------+---------+---------+-------
      Total |     175 |       0 |   0.0 |      65 |       0 |   0.0
            +---------+---------+-------+---------+---------+-------
        D:1 |      56 |       0 |   0.0 |      29 |       0 |   0.0
        D:2 |      78 |       0 |   0.0 |      15 |       0 |   0.0
        D:3 |      22 |       0 |   0.0 |      12 |       0 |   0.0
        D:4 |      19 |       0 |   0.0 |       9 |       0 |   0.0
            +---------+---------+-------+---------+---------+-------
